 Dungeon Crawl Stone Soup version 0.26-a0-547-g695e311587 (webtiles) character file.

Game seed: 5508317063669886900

3535 ReteAZ the Grappler (level 9, -1/80 HPs)
             Began as a Troll Fighter on Aug 20, 2020.
             Was a Priest of Hepliaklqana.
             Slain by a wolf (6 damage)
             ... led by Grum
             ... on level 8 of the Dungeon.
             The game lasted 00:09:00 (6141 turns).

ReteAZ the Grappler (Troll Fighter)                 Turns: 6141, Time: 00:09:00

Health: -1/80      AC:  5    Str: 28    XL:     9   Next: 82%
Magic:  8/8        EV: 11    Int:  5    God:    Hepliaklqana [***...]
Gold:   370        SH: 10    Dex:  9    Spells: 8/8 levels left

rFire    . . .     SeeInvis .     - Unarmed
rCold    . . .     Faith    .   b - +0 kite shield
rNeg     . . .     Spirit   .   (armour restricted)
rPois    +         Reflect  .   (helmet restricted)
rElec    .         Harm     .   o - +0 cloak
rCorr    .                      (gloves unavailable)
MR       .....                  (boots unavailable)
Stlth    ++........             (no amulet)
HPRegen  0.63/turn              e - ring of stealth
MPRegen  0.11/turn              M - ring of poison resistance (curse)

@: no status effects
A: large, unfitting armour, reduced essence, claws 3, regeneration 1, shaggy fur
1, tough skin 3
a: Recall Ancestor, Ancestor Identity, Transference, Renounce Religion


You were on level 8 of the Dungeon.
You worshipped Hepliaklqana.
Hepliaklqana was most pleased with you.
You visited 2 branches of the dungeon, and saw 9 of its levels.
You also visited: Sewer.

You collected 370 gold pieces.

Inventory:

Hand Weapons
 x - a +1 short sword of electrocution
 y - a +0 spear of venom
 E - a +0 whip of flaming
Missiles
 G - 22 poisoned darts (quivered)
Armour
 a - a +0 robe
 b - a +0 kite shield (worn)
 o - a +0 cloak (worn)
 r - a +0 troll leather armour {Purgy}
 D - a cursed +0 robe
 F - a +1 robe of magic resistance
Jewellery
 e - a ring of stealth (left claw)
 i - an uncursed ring of magical power
 I - an uncursed ring of stealth
 J - an uncursed ring of wizardry
 M - a cursed ring of poison resistance (right claw)
Wands
 K - a wand of polymorph (6)
 L - a wand of disintegration (8)
Scrolls
 d - 4 scrolls of teleportation {unknown}
 n - 8 scrolls of identify {unknown}
 q - 2 scrolls of blinking {unknown}
 t - a scroll of amnesia {unknown}
 u - 2 scrolls of fear {unknown}
 v - a scroll of noise {unknown}
 w - 2 scrolls of enchant weapon {unknown}
 A - a scroll of fog {unknown}
 C - a scroll of remove curse {unknown}
Potions
 c - a potion of might
 f - 2 potions of resistance {unknown}
 g - 2 potions of curing {unknown}
 h - 4 potions of lignification {unknown}
 j - 3 potions of heal wounds {unknown}
 k - 2 potions of magic {unknown}
 l - 2 potions of ambrosia {unknown}
 m - 2 potions of degeneration {unknown}
 p - 3 potions of mutation {unknown}
 s - a potion of flight {unknown}
 z - a potion of haste {unknown}
 B - 3 potions of stabbing {unknown}
 H - 2 potions of brilliance {unknown}


   Skills:
 + Level 6.0 Fighting
 + Level 6.0 Dodging
 + Level 6.1 Shields
 * Level 8.5 Unarmed Combat


You had 8 spell levels left.
You didn't know any spells.
Your spell library contained the following spells:

 Spells                   Type           Power        Failure   Level
 Animate Skeleton         Necr           #.....       69%         1
 Apportation              Tloc           #.....       69%         1
 Corona                   Hex            #......      69%         1
 Foxfire                  Conj/Fire      #...         69%         1
 Summon Small Mammal      Summ           #...         69%         1
 Call Imp                 Summ           #.......     83%         2
 Conjure Flame            Conj/Fire      #.......     96%         3
 Inner Flame              Hex/Fire       #.......     96%         3
 Sticky Flame             Conj/Fire      #.......     100%        4
 Fireball                 Conj/Fire      #.........   100%        5
 Silence                  Hex/Air        #.........   100%        5
 Summon Demon             Summ           #.........   100%        5
 Shadow Creatures         Summ           N/A          100%        6


Dungeon Overview and Level Annotations

Branches:
Dungeon (8/15)             Temple (1/1) D:4           Sewer (visited)
   Lair: D:8-11

Altars:
Ashenzari
Cheibriados
Elyvilon
Fedhas
Gozag
Hepliaklqana
Kikubaaqudgha
Makhleb
Nemelex Xobeh
Okawaru
Qazlal
Ru
Sif Muna
Trog
Uskayaw
Vehumet
Wu Jian
Yredelemnul
Zin
The Shining One

Shops:
D:2 *   D:5 :

Annotations:
D:8 Grum


Innate Abilities, Weirdness & Mutations

You are too large for most types of armour.
You have claws for hands.
Your natural rate of healing is unusually fast.
You are covered in fur. (AC +1)
You have extremely tough skin. (AC +3)
Your life essence is reduced to manifest your ancestor. (-10% HP)


Message History

The wolf misses you. The wolf misses you. You block the wolf's attack.
The wolf closely misses you. You block the wolf's attack. The wolf bites you!
* * * LOW HITPOINT WARNING * * *
The wolf bites you.
* * * LOW HITPOINT WARNING * * *
The wolf bites you but does no damage. You block the wolf's attack.
The wolf bites you.
* * * LOW HITPOINT WARNING * * *
You block the wolf's attack. The wolf closely misses you.
The wolf barely misses you. The white imp gestures at you.
The puff of frost hits you!
* * * LOW HITPOINT WARNING * * *
Grum grunts, "I'll hound you night and day!"
You block the wolf's attack. The wolf bites you.
You die...

^...........#
...###......# ...
#......# .. #......#
#.....g# #....5.#
####......# ...#
#.......hh######+####...#
#......[.h@.............#
#.....#######...........#
#.....# #....<......#
#.....# #...........#
#.....# #...........#
#.....# #.......)...#
#.....# #)).........#
#####.# #.##'########
####.#######.##.#


You could see Grum, 3 wolves and a white imp.

Vanquished Creatures
  Pikel (D:5)
  Joseph (D:7)
  Prince Ribbit (D:6)
  Menkaure (D:7)
  Duvessa (D:4)
  Purgy (Sewer)
  An orc warrior (D:6)
  2 sky beasts (D:6)
  A phantom (D:6)
  2 ogres
  3 lemures (D:5)
  A crocodile (D:7)
  Blork the orc (D:5)
  2 big kobolds
  2 bullfrogs
  Dowan (D:4)
  2 scorpions
  An electric eel (D:7)
  A hound (D:4)
  2 jellies (D:5)
  Crazy Yiuf (D:2)
  A centaur skeleton (D:6)
  2 orc priests (D:5)
  A bullfrog skeleton (D:6)
  4 iguanas
  5 worker ants
  A hound zombie (D:5)
  Robin (D:4)
  8 gnolls (D:4)
  10 adders
  2 white imps
  5 oozes
  2 worms (D:3)
  2 dart slugs (D:2)
  7 leopard geckos
  14 orcs
  7 giant cockroaches
  8 goblins
  9 hobgoblins
  8 jackals
  2 quokkas
  2 ball pythons
  6 bats
  5 frilled lizards
  A jackal skeleton (D:4)
  13 kobolds
  9 rats
  A plant (D:4)
165 creatures vanquished.

Vanquished Creatures (collateral kills)
  An ice beast (D:6)
  A centaur (D:5)
  A bullfrog (D:7)
  A scorpion (D:7)
  An orc wizard (D:5)
  An adder (D:5)
  A giant cockroach (D:4)
  2 kobolds (D:5)
9 creatures vanquished.

Vanquished Creatures (others)
  2 hexers
  5 ancestors
  A goblin (D:4)
  5 fungi (D:5)
  9 toadstools (D:5)
22 creatures vanquished.

Grand Total: 196 creatures vanquished

Notes
Turn   | Place    | Note
-------+----------+-------------------------------------------
     0 | D:1      | ReteAZ the Troll Fighter began the quest for the Orb.
     0 | D:1      | Reached XP level 1. HP: 22/22 MP: 0/0
   241 | D:1      | Reached XP level 2. HP: 29/29 MP: 1/1
   613 | D:2      | Found Gozag's Platinum Reserve.
   804 | D:2      | Found a runed translucent door.
   805 | D:2      | Noticed Crazy Yiuf
   893 | D:2      | Found an opulent altar of Gozag.
  1006 | D:2      | Reached XP level 3. HP: 18/36 MP: 2/2
  1326 | D:2      | Killed Crazy Yiuf
  1326 | D:2      | Reached XP level 4. HP: 44/44 MP: 3/3
  1722 | D:3      | Found a glowing drain.
  1765 | Sewer    | Entered a sewer
  1879 | Sewer    | Reached skill level 3 in Unarmed Combat
  1883 | Sewer    | Noticed Purgy
  1892 | Sewer    | Killed Purgy
  1892 | Sewer    | Reached XP level 5. HP: 26/53 MP: 4/4
  2060 | D:3      | Found a blossoming altar of Fedhas.
  2060 | D:3      | Found a shattered altar of Ashenzari.
  2384 | D:4      | Reached XP level 6. HP: 54/61 MP: 5/5
  2399 | D:4      | Found a staircase to the Ecumenical Temple.
  2399 | D:4      | Noticed Robin
  2477 | D:4      | Killed Robin
  2538 | Temple   | Entered the Ecumenical Temple
  2558 | Temple   | Became a worshipper of Hepliaklqana the Forgotten
  2644 | D:4      | Reached skill level 4 in Unarmed Combat
  2687 | D:4      | Noticed Duvessa
  2687 | D:4      | Noticed Dowan
  2699 | D:4      | Killed Duvessa
  2699 | D:4      | Reached XP level 7. HP: 35/63 MP: 6/6
  2713 | D:4      | Killed Dowan
  3513 | D:5      | Entered Level 5 of the Dungeon
  3593 | D:5      | Found Puckul's Book Shoppe.
  3603 | D:5      | Reached * piety under Hepliaklqana
  3760 | D:5      | Reached skill level 5 in Unarmed Combat
  3760 | D:5      | Reached XP level 8. HP: 67/71 MP: 7/7
  3904 | D:5      | Noticed a slime creature
  3904 | D:5      | Noticed a slime creature
  3904 | D:5      | Noticed a slime creature
  4098 | D:5      | Noticed Pikel
  4123 | D:5      | Killed Pikel
  4123 | D:5      | Reached skill level 5 in Fighting
  4123 | D:5      | Reached skill level 5 in Dodging
  4123 | D:5      | Reached skill level 5 in Shields
  4123 | D:5      | Reached skill level 6 in Unarmed Combat
  4279 | D:5      | Noticed Blork the orc
  4286 | D:5      | Killed Blork the orc
  4671 | D:6      | Reached XP level 9. HP: 64/79 MP: 8/8
  4727 | D:6      | Reached skill level 7 in Unarmed Combat
  4941 | D:6      | Found a white marble altar of Elyvilon.
  5039 | D:6      | Reached ** piety under Hepliaklqana
  5040 | D:6      | Remembered your ancestor Zolin as a hexer
  5081 | D:6      | Noticed Prince Ribbit
  5136 | D:6      | Identified the Handbook of Supportive Malediction
  5164 | D:6      | Killed Prince Ribbit
  5590 | D:7      | Noticed Menkaure
  5599 | D:7      | Killed Menkaure
  5599 | D:7      | Reached skill level 8 in Unarmed Combat
  5865 | D:7      | Found a hide-covered altar of Uskayaw.
  5866 | D:7      | Noticed Joseph
  5868 | D:7      | Found a burning altar of Makhleb.
  5882 | D:7      | Killed Joseph
  6032 | D:8      | Reached *** piety under Hepliaklqana
  6121 | D:8      | Noticed Grum
  6141 | D:8      | Slain by a wolf

Illustrated notes

Levels and vault maps discovered:
D:1:      dpeg_arrival_oval, layout_rooms, serial_forest,
          infiniplex_forest_clump_small, infiniplex_forest_lined_ring,
          infiniplex_forest_lined_1, infiniplex_forest_lined_room_3,
          infiniplex_forest_corner_1, infiniplex_forest_corner_2
D:2:      layout_basic, nicolae_gozag_zags_fifth_avenue,
          hangedman_decor_growths, uniq_crazy_yiuf_cottage
D:3:      layout_loops_cross, chequers_temple_overflow_statue_of_worship,
          gup_sewer_entry_glass
D:4:      layout_loops_ring, minmay_temple_entry_wispy, lexackson_kobold_supper,
          uniq_robin, uniq_duvessa
D:5:      cheibrodos_fertilizer, layout_basic, serial_shops, shop,
          uniq_blork_the_orc, uniq_pikel
D:6:      layout_cave_pools, elyvilon_altar_1, uniq_prince_ribbit1
D:7:      layout_gridville, grunt_temple_overflow_open, fountainhead,
          uniq_joseph, uniq_menkaure
D:8:      layout_basic, serial_shops, nicolae_shop_trees, uniq_erica, uniq_grum
Temple:   nicolae_temple_x_marks_the_god

Skill      XL: |  1  2  3  4  5  6  7  8  9 |
---------------+----------------------------+-----
Shields        | 3 4 5 6 |  6.1
Dodging        | 3 4 5 6 |  6.0
Fighting       | 3 4 5 6 |  6.0
Unarmed Combat | 3 4 5 6 8 |  8.5

Action                   |  1- 3 |  4- 6 |  7- 9 || total
-------------------------+-------+-------+-------++-------
Melee: Unarmed           |    67 |   187 |   314 ||   568
Invok: Ancestor Life: He |       |       |     1 ||     1
 Stab: Sleeping          |       |     2 |     7 ||     9
       Distracted        |       |       |     1 ||     1
Armor: Robe              |    40 |    71 |       ||   111
       Skin              |       |    24 |    48 ||    72
Dodge: Dodged            |    36 |   117 |   108 ||   261
Block: Kite shield       |    35 |   139 |   143 ||   317

Table legend: (Time is in decaauts)
 A = Elapsed time spent in this place.
 B = Non-inter-level travel time spent in this place.
 C = Inter-level travel time spent in this place.
 D = Time resting spent in this place.
 E = Time spent auto-exploring this place.
 F = Levels seen in this place.
 G = Mean time per level.
                   A        B        C        D        E       F      G
               +--------+--------+--------+--------+--------+-----+--------+
         Total |   6121 |   5936 |    185 |    289 |   4214 |  10 |  612.1 |
       Dungeon |   5840 |   5662 |    178 |    289 |   4014 |   8 |  730.0 |
        Temple |     28 |     21 |      7 |      0 |      0 |   1 |   28.0 |
         Sewer |    252 |    252 |      0 |      0 |    200 |   1 |  252.0 |
               +--------+--------+--------+--------+--------+-----+--------+

Top non-repeatable levels by time:
     D:4: 1141 daAuts
     D:5: 1130 daAuts
     D:2: 793 daAuts
     D:3: 720 daAuts
     D:7: 699 daAuts
     D:6: 664 daAuts
     D:1: 579 daAuts
   Sewer: 252 daAuts
     D:8: 111 daAuts
  Temple: 28 daAuts
